AoeStats
← Dieu Tan

Arabia

509371964Analyzed
1v1 RM · 4d ago on Sep 26, 2026· 27m 13s· 2 players
Game mode
Random Map
Map size
Tiny (2 player)
Population
200
Speed
Normal
Resources
Standard
Victory
Conquest
Starting age
Dark Age
Ending age
Imperial Age
RankedLock teamsTeams togetherTeam positionsShared explorationLock speedFull tech treeHidden civsTurbo modeCheats
Victory
Defeat
🇩🇪 Magyars · Germany
1595
+18
🇺🇸 Inca · United States
1636
-18
Nichter90
8:55 Feudal Age
7:10 Loom
9:47 Double-Bit Axe
11:19 Horse Collar
22:45 Castle Age
21:21 Gold Mining
22:36 Wheelbarrow
22:30 Bloodlines
22:27 Scale Barding Armor
24:13 Chain Barding Armor
23:57 Husbandry
Dieu Tan
6:17 Loom
8:45 Feudal Age
8:57 Champi Runner
11:22 Double-Bit Axe
18:30 Wheelbarrow
18:11 Horse Collar
24:23 Castle Age
23:53 Scale Mail Armor
24:12 Fletching
24:37 Forging
25:28 Champi Warrior
26:09 Squires
26:15 Pikeman
Connection lost

Rejoining the realm…

Still unreachable

The connection could not be restored.

Session expired

The server has moved on; the page needs a fresh start.